 Dungeon Crawl Stone Soup version 0.29.1-15-g9cfb28693d (webtiles) character file.

Game seed: 8368230278097510489

49 Demosthentine the Ducker (level 3, -1/28 HPs)
             Began as a Demonspawn Gladiator on Apr 5, 2023.
             Slain by a gnoll
             ... wielding a +0 whip
              (5 damage)
             ... on level 2 of the Dungeon.
             The game lasted 00:01:12 (1422 turns).

Demosthentine the Ducker (Demonspawn Gladiator)     Turns: 1422, Time: 00:01:13

Health: -1/28      AC:  6    Str: 14 (16) XL:     3   Next: 53%
Magic:  3/3        EV: 12    Int:  7 (9)  God:
Gold:   74         SH:  0    Dex: 11 (14) Spells: 2/2 levels left

rFire   + . .      SeeInvis .   a - +0 trident
rCold   + . .      Faith    .   (no shield)
rNeg    . . .      Spirit   .   b - +0 leather armour
rPois   +          Reflect  .   c - +0 helmet
rElec   +          Harm     .   (no cloak)
rCorr   +          Rampage  .   (no gloves)
Will    .....                   (no boots)
Stlth   +.........              (no amulet)
HPRegen 0.09/turn               (no ring)
MPRegen 0.08/turn               (no ring)

@: resistant
A: icy blue scales 1, powered by pain 1
a: no special abilities


You were on level 2 of the Dungeon.
You visited 1 branch of the dungeon, and saw 2 of its levels.

You collected 74 gold pieces.

Inventory:

Hand Weapons
 a - a +0 trident (weapon)
Missiles
 d - 3 throwing nets (quivered)
 e - a javelin
Armour
 b - a +0 leather armour (worn)
 c - a +0 helmet (worn)
Scrolls
 l - a scroll of fear {unknown}
 n - a scroll of poison {unknown}
 o - a scroll of teleportation {unknown}
Potions
 h - a potion of mutation {unknown}
 i - a potion of flight {unknown}
 j - 3 potions of lignification {unknown}
 k - a potion of curing {unknown}
 m - a potion of ambrosia {unknown}


   Skills:
 + Level 2.6 Fighting
 + Level 3.1 Polearms
 - Level 1.7 Throwing
 + Level 1.2 Armour
 + Level 3.1 Dodging


You had 2 spell levels left.
You didn't know any spells.
Your spell library was empty.

Dungeon Overview and Level Annotations

Branches:
Dungeon (2/15)

Altars:


Innate Abilities, Weirdness & Mutations

You are partially covered in icy blue scales. (AC +2)
You sometimes gain a little power by taking damage.


Message History

You reach to attack!
You hit the gnoll.
The gnoll is heavily wounded.
The gnoll closely misses you.
You reach to attack!
You hit the gnoll but do no damage.
The gnoll is heavily wounded.
The gnoll misses you.
You reach to attack!
You hit the gnoll but do no damage.
The gnoll is heavily wounded.
The gnoll completely misses you.
You reach to attack!
You hit the gnoll but do no damage.
The gnoll is heavily wounded.
The gnoll hits you from afar with a +0 spear. x2
You reach to attack!
You hit the gnoll.
The gnoll is heavily wounded.
The gnoll hits you from afar with a +0 spear.
You reach to attack!
You hit the gnoll.
You kill the gnoll!
You reach to attack!
You closely miss the gnoll. You barely miss the gnoll.
The gnoll hits you with a +0 whip.
You hit the gnoll.
The gnoll is lightly wounded.
The gnoll barely misses you.
You hit the gnoll.
The gnoll is moderately wounded.
The gnoll hits you with a +0 whip.
You closely miss the gnoll.
The gnoll is moderately wounded.
The gnoll closely misses you. The gnoll hits you with a +0 whip.
You closely miss the gnoll.
The gnoll is moderately wounded.
The gnoll hits you but does no damage.
It was a potion of resistance.
You feel protected. The gnoll hits you with a +0 whip.
* * * LOW HITPOINT WARNING * * *
It was a potion of degeneration.
There was something very wrong with that liquid.
You feel weakened.
You feel dopey.
You feel clumsy. The gnoll hits you with a +0 whip.
You die...

##################
#................#
#.##############.#
.....)....# #.#
#.#######.# #.#
#.........# #.#
########### #@#
#g# #l# #g# ...
... ###### ...
.....######. .....
............


You could see 2 gnolls and a frilled lizard.

Vanquished Creatures
  2 gnolls (D:2)
  A dart slug (D:1)
  3 endoplasms
  3 goblins (D:1)
  2 hobgoblins (D:1)
  4 jackals (D:1)
  4 kobolds
  A ball python (D:1)
  3 bats
  2 frilled lizards
  2 rats
27 creatures vanquished.

Notes
Turn   | Place    | Note
-------+----------+-------------------------------------------
     0 | D:1      | Demosthentine the Demonspawn Gladiator began the quest for
                  | the Orb.
     0 | D:1      | Reached XP level 1. HP: 16/16 MP: 1/1
   119 | D:1      | Found a faded altar of an unknown god.
   288 | D:1      | Gained mutation: You sometimes gain a little power by
                  | taking damage. [demonic ancestry]
   288 | D:1      | Reached XP level 2. HP: 15/22 MP: 2/2
  1301 | D:2      | Gained mutation: You are partially covered in icy blue
                  | scales. (AC +2) [demonic ancestry]
  1301 | D:2      | Reached XP level 3. HP: 28/28 MP: 3/3
  1318 | D:2      | Reached skill level 1 in Armour
  1372 | D:2      | Identified the +11 rapier of Demonkind {vorpal, *Rage rC+
                  | Str+5}
  1422 | D:2      | Slain by a gnoll

Illustrated notes

Levels and vault maps discovered:
D:1:      ebering_hopf_link, layout_loops_corners,
          chequers_ecumenical_altar_simple_redux
D:2:      layout_basic, serial_glass, glass_columns_c, glass_columns_c

Skill      XL: |  1  2  3 |
---------------+----------+-----
Polearms       | 3 |  3.1
Dodging        | 3 |  3.1
Armour         | 1 |  1.2
Fighting       | |  2.6
Throwing       | |  1.7

Action                   || total
-------------------------++-------
Melee: Trident           ||    81
       Punch             ||     1
  Use: Scroll            ||     2
       Potion            ||     2
 Stab: Sleeping          ||     3
Armor: Leather armour    ||    21
Dodge: Dodged            ||    43
